 Dungeon Crawl Stone Soup version 0.28.0 (webtiles) character file.

Game seed: 13301200410592045834

35 croobank the Insei (level 3, -3/23 HPs)
             Began as an Octopode Transmuter on Feb 15, 2022.
             Killed by divine providence
             ... invoked by an orc priest
              (11 damage)
             ... on level 2 of the Dungeon.
             The game lasted 00:03:39 (1738 turns).

croobank the Insei (Octopode Transmuter)            Turns: 1738, Time: 00:03:40

Health: -3/23      AC:  1    Str:  9    XL:     3   Next: 33%
Magic:  6/6        EV: 13    Int: 17    God:
Gold:   87         SH:  0    Dex: 12    Spells: 3/6 levels left

rFire   . . .      SeeInvis .     - Unarmed
rCold   + . .      Faith    .   (no shield)
rNeg    . . .      Spirit   .   (helmet restricted)
rPois   .          Reflect  .   (no amulet)
rElec   .          Harm     .   f - ring of protection from cold
rCorr   .          Rampage  .   (no ring)
Will    .....                   (no ring)
Stlth   ++........              (no ring)
HPRegen 0.07/turn               (no ring)
MPRegen 0.10/turn               (no ring)
                                (no ring)
                                (no ring)

@: no status effects
A: almost no armour, amphibious, 8 rings, camouflage 1, gelatinous body 1,
(nimble swimmer 1), tentacles
a: no special abilities


You were on level 2 of the Dungeon.
You visited 1 branch of the dungeon, and saw 2 of its levels.

You collected 87 gold pieces.

Inventory:

Missiles
 h - 22 sling bullets
 i - 34 stones
Jewellery
 f - a ring of protection from cold (left tentacle)
Scrolls
 b - a scroll of identify
 d - a scroll of magic mapping {unknown}
 e - a scroll of amnesia {unknown}
 j - a scroll of fog {unknown}
Potions
 a - 2 potions of might
 c - a potion of heal wounds {unknown}
 g - a potion of haste {unknown}


   Skills:
 + Level 1.6 Fighting
 + Level 2.3 Dodging
 + Level 3.2 Unarmed Combat
 + Level 2.3 Spellcasting
 + Level 2.4 Transmutations


You had 3 spell levels left.
You knew the following spells:

 Your Spells              Type           Power      Damage    Failure   Level
a - Beastly Appendage     Tmut           20%        N/A       7%          1
b - Wereblood             Tmut           10%        N/A       11%         2

Your spell library contained the following spells:

 Spells                   Type           Power      Damage    Failure   Level
 Animate Skeleton         Necr           2%         N/A       19%         1
 Pain                     Necr           4%         1d4       19%         1
 Spider Form              Tmut/Pois      6%         N/A       34%         3
 Ignite Poison            Fire/Tmut/Pois 4%         N/A       38%         3
 Mephitic Cloud           Conj/Pois/Air  1%         N/A       50%         3
 Vampiric Draining        Necr           1%         2d6       50%         3
 Ice Form                 Ice/Tmut       6%         N/A       75%         4
 Freezing Cloud           Conj/Ice/Air   0%         6-21      99%         5


Dungeon Overview and Level Annotations

Branches:
Dungeon (2/15)

Altars:


Innate Abilities, Weirdness & Mutations

You cannot wear most types of armour.
You are amphibious.
You can wear up to eight rings at the same time.
Your skin changes colour to match your surroundings (Stealth+).
Your rubbery body absorbs attacks. (AC +1, EV +1)
((You are camouflaged when in or above water. (Stealth+)))
You have tentacles for arms and can constrict up to eight enemies at once.


Message History

The adder closely misses you.
You tentacle-slap the adder.
You kill the adder!
You see here a +0 whip.
You now have 73 gold pieces (gained 11).
Found a stone staircase leading up.
There is an open door here.
You open the door.
There is an open door here.
There is an open door here.
j - a scroll labelled MYOGIUCIEN You now have 87 gold pieces (gained 14).
You open the door.
Found two gnoll skeletons.
There is an open door here.
You open the door.
Found a faded altar of an unknown god.
There is an open door here.
There is an open door here.
There is an open door here.
An orc and an orc priest come into view.
The orc shouts!
An orc comes into view. It is wielding a +0 flail.
The orc shouts!
The orc priest invokes the aid of Beogh against you.
Beogh smites you!
Ouch! That really hurt!
You closely miss the orc priest. Your grab misses the orc priest.
You squeeze the orc priest, but do no damage.
The orc priest barely misses you. The orc hits you but does no damage.
You tentacle-slap the orc priest. You grab the orc priest.
The orc priest is lightly wounded.
You constrict the orc priest. The orc priest barely misses you.
The orc misses you.
You tentacle-slap the orc priest.
The orc priest is moderately wounded.
You constrict the orc priest.
The orc priest calls down the wrath of Beogh upon you.
Beogh smites you!
You die...

#....# PP
###....♣ ≈P≈P
#.....♣♣♣♣≈≈≈≈
#.###≈♣♣≈≈≈≈≈≈
#. #♣♣≈P≈≈≈≈≈≈
##.#♣≈≈≈≈≈≈≈≈P≈
#..≈≈P≈≈P≈≈≈≈≈P
#..♣≈≈PP≈≈≈≈≈≈≈
#....@.........
#..≈oo≈≈≈≈≈≈≈≈≈
##♣≈≈≈≈≈≈≈≈P≈≈≈
#P≈Po≈≈≈≈≈♣♣♣≈
#♣≈≈≈≈≈≈♣♣♣
♣≈≈≈≈≈≈♣
♣≈≈≈≈≈≈♣
#≈≈≈≈≈≈♣


You could see an orc priest and 2 orcs.

Vanquished Creatures
  An adder (D:2)
  4 endoplasms (D:1)
  A giant cockroach (D:1)
  A goblin (D:1)
  4 hobgoblins
  A kobold (D:1)
  3 ball pythons
  3 bats
  4 frilled lizards (D:2)
  3 rats (D:2)
25 creatures vanquished.

Notes
Turn   | Place    | Note
-------+----------+-------------------------------------------
     0 | D:1      | croobank the Octopode Transmuter began the quest for the
                  | Orb.
     0 | D:1      | Reached XP level 1. HP: 13/13 MP: 3/3
   335 | D:1      | Reached XP level 2. HP: 18/18 MP: 5/5
   429 | D:1      | Learned a level 2 spell: Wereblood
  1165 | D:2      | Reached XP level 3. HP: 16/23 MP: 6/6
  1698 | D:2      | Found a faded altar of an unknown god.
  1738 | D:2      | Killed from afar by an orc priest

Illustrated notes

Levels and vault maps discovered:
D:1:      shiori_arrival_elements, layout_loops_ring
D:2:      layout_basic, dilly_ecumenical_altar_fadedgnrine,
          hangedman_feature_mirror, serial_bayou_lagoon_b

Action                   || total
-------------------------++-------
Melee: Unarmed           ||    66
       Constrict         ||    17
       Tentacles         ||    12
       Punch             ||     2
  Use: Scroll            ||     2
 Stab: Sleeping          ||     4
Armor: Skin              ||    11
Dodge: Dodged            ||    48
